Map: Deathaura LE

Players

Sen

  • Race: Zerg Zerg
  • League: Grandmaster
  • Spawn Location: 5:00

GogojOey - Winner!

  • Race: Zerg Zerg
  • Spawn Location: 11:00

Event: DreamHack SC2 Masters 2020 Summer TwHkMoJp

VOD

Have the link to the VOD?

Description

Time

  • Played on: June 24, 2020, 8:05 a.m.
  • Length: 7:29

All games in this series

Show
View Real Time Build Order
Export as new Build Order

Sen Zerg 

Build Orders: Hatch First 

Get SALT Encoding   

  12  0:01  Drone  
  13  0:12  Overlord  
  13  0:16  Drone  
  14  0:31  Drone x2  
  16  0:47  Hatchery  
  15  0:50  Drone  
  15  0:54  Drone  
  17  0:57  Drone  
  18  1:08  Extractor  
  17  1:12  Spawning Pool  
  17  1:15  Drone  
  17  1:18  Drone  
  18  1:28  Drone  
  19  1:44  Drone  
  20  1:49  Overlord  
  20  1:59  Queen x2  
  20  2:00  Zergling x2  
  20  2:01  Zergling x2  
  26  2:08  Metabolic Boost  
  26  2:10  Drone x2  
  28  2:20  Drone  
  28  2:21  Drone  
  30  2:34  Drone  
  31  2:37  Hatchery  
  30  2:47  Drone, Baneling Nest  
  30  2:48  Overlord  
  30  2:54  Drone  
  30  2:57  Drone  
  32  3:04  Drone x3  
  35  3:10  Drone x2  
  35  3:11  Drone x2  
  35  3:12  Zergling x2  
  40  3:16  Overlord  
  40  3:21  Drone x2  
  40  3:25  Evolution Chamber  
  41  3:31  Overlord  
  41  3:34  Extractor  
  41  3:36  Drone  
  41  3:39  Extractor  
  40  3:41  Roach Warren  
  40  3:42  Drone x3  
  40  3:45  Overlord  
  40  3:47  Drone  
  43  3:50  Drone  
  43  3:55  Drone x3  
  47  4:02  Drone x2  
  48  4:07  Overlord  
  48  4:08  Drone  
  48  4:09  Queen  
  51  4:17  Zerg Missile Weapons Level 1  
  51  4:19  Drone  
  51  4:20  Drone  
  51  4:21  Drone  
  54  4:25  Overlord  
  54  4:30  Zergling x12  
  60  4:38  Lair  
  60  4:39  Drone  
  61  4:46  Roach  
  61  4:47  Roach x3  
  69  4:54  Extractor  
  69  4:55  Overlord, Queen x2  
  72  5:01  Drone x3  
  74  5:11  Overlord  
  73  5:22  Roach x9  
  90  5:33  Roach  
  90  5:34  Glial Reconstitution, Roach x4  
  100  5:38  Overlord  
  98  5:45  Spore Crawler  
  98  5:49  Spore Crawler  
  96  5:50  Spore Crawler  
  96  5:53  Overlord x2, Nydus Network  
  94  6:06  Queen x2  
  94  6:07  Overlord  
  94  6:10  Queen  
  100  6:21  Roach x6  
  109  6:30  Nydus Canal  
  109  6:32  Roach x2  
  113  6:37  Roach  
  113  6:38  Roach x3  
  119  6:47  Nydus Canal  
  119  6:49  Roach  
Show
View Real Time Build Order
Export as new Build Order

GogojOey Zerg - Winner!

Build Orders: Hatch First 

Get SALT Encoding   

  12  0:01  Drone  
  13  0:12  Overlord  
  13  0:16  Drone  
  14  0:32  Drone x2  
  16  0:48  Hatchery  
  15  0:51  Drone  
  15  0:55  Drone  
  17  0:58  Drone  
  18  1:09  Extractor  
  17  1:13  Spawning Pool  
  17  1:16  Drone  
  17  1:20  Drone  
  18  1:28  Drone  
  19  1:39  Drone  
  20  1:49  Drone  
  21  2:00  Overlord, Queen x2  
  25  2:01  Drone  
  26  2:10  Drone  
  26  2:11  Drone  
  28  2:21  Drone x2  
  30  2:32  Overlord  
  30  2:33  Drone  
  30  2:36  Queen  
  33  2:43  Drone x2  
  35  2:52  Evolution Chamber  
  35  2:53  Lair  
  35  2:54  Roach Warren  
  35  2:55  Drone x2  
  35  3:04  Drone  
  36  3:07  Drone, Extractor  
  36  3:08  Drone x3, Extractor  
  38  3:15  Drone x3  
  38  3:19  Zerg Missile Weapons Level 1  
  41  3:23  Overlord  
  41  3:27  Drone, Extractor  
  41  3:29  Drone  
  41  3:32  Drone  
  43  3:37  Drone  
  44  3:41  Drone x2  
  44  3:42  Drone x2  
  44  3:48  Overlord  
  48  3:54  Spire  
  48  3:55  Drone  
  48  3:58  Drone  
  48  3:59  Drone  
  48  4:02  Glial Reconstitution  
  50  4:07  Overseer  
  50  4:11  Overlord x2  
  50  4:15  Roach  
  52  4:21  Roach  
  52  4:23  Drone  
  55  4:33  Drone  
  55  4:42  Overlord  
  55  4:47  Hatchery  
  54  5:07  Mutalisk  
  54  5:08  Mutalisk x5  
  54  5:11  Roach x4  
  74  5:15  Roach x2  
  76  5:22  Roach x2  
  80  5:28  Roach x2  
  80  5:36  Roach x2  
  84  5:49  Overlord x3  
  84  5:50  Overlord  
  84  5:52  Hatchery  
  84  5:55  Overlord  
  83  6:00  Overlord  
  83  6:07  Queen  
  91  6:11  Roach x7  
  91  6:14  Roach  
  101  6:27  Roach x5, Ravager  
  101  6:28  Ravager  
  113  6:34  Roach  
  113  6:39  Roach x3  
  121  6:47  Overlord  
  121  6:49  Roach x2  
  125  6:56  Roach x3  
  131  7:07  Roach x4  
  131  7:08  Roach  
Tags
 
Add a new tag
Caveats
  • Supply blocks, unpowered buildings, or Contaminate may cause inaccurate times.
  • Supply counts are checked every 10 seconds.